 Dungeon Crawl Stone Soup version 0.19-a0-1002-g674d22e (webtiles) character file.

16 LordPoison the Skirmisher (level 2, -2/26 HPs)
             Began as a Draconian Wanderer on July 18, 2016.
             Slain by an adder (5 damage)
             ... on level 2 of the Dungeon.
             The game lasted 00:02:46 (1080 turns).

LordPoison the Skirmisher (Draconian Wanderer)      Turns: 1080, Time: 00:02:47

Health: -2/26      AC:  4    Str: 13 (15) XL:     2   Next: 41%
Magic:  3/3        EV: 11    Int: 12 (14) God:
Gold:   39         SH:  0    Dex:  4 (7)  Spells: 0 memorised, 3 levels left

rFire  . . .     SeeInvis .       - Unarmed
rCold  + . .     Gourm    .     (armour unavailable)
rNeg   . . .     Faith    .     (no shield)
rPois  .         Spirit   .     (helmet restricted)
rElec  .         Dismiss  .     (no cloak)
rCorr  .         Reflect  .     (no gloves)
SustAt .         Harm     .     (no boots)
MR     .....                    (no amulet)
Stlth  +.........               (no ring)
                                k - ring of protection from cold

@: lethally poisoned (-2 -> -7), not resistant to hostile enchantments, very
unstealthy
A: unfitting armour, cold-blooded, AC +4
a: no special abilities


You were on level 2 of the Dungeon.
You were hungry.

You visited 1 branch of the dungeon, and saw 2 of its levels.

You collected 39 gold pieces.

Inventory:

Hand Weapons
 a - a +2 hand crossbow
Missiles
 b - 26 bolts
Jewellery
 k - a ring of protection from cold (left hand)
Wands
 d - a wand of random effects (15/48)
Scrolls
 c - 2 scrolls of identify {unknown}
 e - a scroll of remove curse {unknown}
 g - 3 scrolls of teleportation {unknown}
 h - a scroll of blinking {unknown}
 i - 2 scrolls of amnesia {unknown}
 j - a scroll of enchant armour {unknown}
 l - a scroll of fog {unknown}
 m - a scroll of fear {unknown}
Comestibles
 f - a bread ration


   Skills:
 + Level 3.5 Fighting
 - Level 1.7 Crossbows
 + Level 1.0 Dodging
 * Level 1.1 Unarmed Combat
 - Level 1.0 Spellcasting
   Level 1.0 Ice Magic
   Level 1.0 Earth Magic
 - Level 2.0 Evocations


You had 3 spell levels left.
You didn't know any spells.

Dungeon Overview and Level Annotations

Branches:
Dungeon (2/15)

Altars:


Innate Abilities, Weirdness & Mutations

Your plain brown scales are hard. (AC +4)
Your body does not fit into most forms of armour.
You are cold-blooded and may be slowed by cold attacks.


Message History

You are too injured to fight recklessly!
You are too injured to fight recklessly!
You are too injured to fight recklessly!
You are too injured to fight recklessly!
You are too injured to fight recklessly!
The adder bites you but does no damage.
You hit the adder.
Your tail-slap misses the adder.
The adder is heavily wounded.
The adder bites you.
* * * LOW HITPOINT WARNING * * *
You are lethally poisoned!
The adder poisons you!
You barely miss the adder.
The adder is heavily wounded.
* * * LOW HITPOINT WARNING * * *
You feel sick. The adder closely misses you.
You miss the adder.
The adder is heavily wounded.
The adder bites you.
You die...

.. .. #.# #. .. #. # ..
#.### ### #.##.##...
..# ###.... ...# #.#
#......###.####.#####.#
#gS@.............#
#.###.####.####### ...
#.# #.# #.#.. #.. ..#
.. ... #### ### .. #...
. ...# #.#.


You could see an adder and a goblin.

Vanquished Creatures
  A giant gecko (D:1)
  A giant cockroach (D:2)
  4 goblins (D:1)
  3 kobolds (D:1)
  2 bats (D:1)
  4 rats
15 creatures vanquished.

Notes
Turn   | Place    | Note
-------+----------+-------------------------------------------
     0 | D:1      | LordPoison the Draconian Wanderer began the quest for the Orb.
     0 | D:1      | LordPoison set off with: a +2 hand crossbow, 26 bolts, a potion of curing, a wand of random effects (15/48), a bread ration
     0 | D:1      | Reached XP level 1. HP: 19/19 MP: 2/2
   235 | D:1      | Reached skill level 1 in Unarmed Combat
   235 | D:1      | Reached XP level 2. HP: 13/26 MP: 3/3
   618 | D:1      | Reached skill level 1 in Dodging
  1080 | D:2      | Slain by an adder

Vault maps used:
D:1:      kennysheep_arrival_seaside, hangedman_decor_growths

Skill      XL: |  1  2 |
---------------+-------+-----
Unarmed Combat | 1 |  1.1
Dodging        | 1 |  1.0
Fighting       | |  3.5
Crossbows      | |  1.7
Spellcasting   | |  1.0
Ice Magic      | |  1.0
Earth Magic    | |  1.0
Evocations     | |  2.0

Action                   || total
-------------------------++-------
Melee: Unarmed           ||    95
       Tailslap          ||     2
  Use: Potion            ||     2
Armor: Skin              ||    33
Dodge: Dodged            ||    69
